 Dungeon Crawl Stone Soup version 0.23-a0-488-g5fd82c5 (webtiles) character file.

13573 spacecwb the Fighter (level 11, -2/105 HPs)
             Began as a Minotaur Berserker on Dec 2, 2018.
             Was a High Priest of Trog.
             Slain by a two-headed ogre
             ... wielding a +0 dire flail
              (16 damage)
             ... on level 2 of the Orcish Mines.
             The game lasted 00:35:56 (10649 turns).

spacecwb the Fighter (Minotaur Berserker)          Turns: 10649, Time: 00:35:57

Health: -2/105     AC:  9    Str: 22    XL:     11   Next: 77%
Magic:  10/10      EV: 18    Int:  4    God:    Trog [*****.]
Gold:   1153       SH:  0    Dex: 19    Spells: 10/10 levels left

rFire    . . .     SeeInvis +   E - +3 scimitar (flame)
rCold    . . .     Gourm    .   (no shield)
rNeg     . . .     Faith    .   w - +1 ring mail {MR+}
rPois    .         Spirit   .   (helmet restricted)
rElec    .         Reflect  .   L - scarf {cloud immunity}
rCorr    .         Harm     .   (no gloves)
MR       +....                  (no boots)
Stlth    +.........             (no amulet)
HPRegen  0.27/turn              z - +6 ring of dexterity
MPRegen  0.12/turn              x - ring of see invisible

@: berserk cooldown, slowed, very slow
A: retaliatory headbutt, horns 2, talons 1, shaggy fur 1
a: Berserk, Trog's Hand, Brothers in Arms, Renounce Religion


You were on level 2 of the Orcish Mines.
You worshipped Trog.
Trog was extremely pleased with you.
You were not hungry.

You visited 2 branches of the dungeon, and saw 11 of its levels.

You collected 1552 gold pieces.
You spent 399 gold pieces at shops.

Inventory:

Hand Weapons
 a - a +0 hand axe
 p - a +4 quarterstaff of chaos
 C - a +0 fustibalus
 D - a +1 long sword of electrocution
 E - a +3 scimitar of flaming (weapon)
Missiles
 u - 7 javelins (quivered)
Armour
 b - a +0 animal skin
 v - a +0 helmet
 w - a +1 ring mail of magic resistance (worn)
 I - a +0 robe
 L - a scarf of cloud immunity (worn)
Jewellery
 r - an uncursed ring of stealth
 t - an uncursed ring of magical power
 x - a ring of see invisible (right hand)
 y - an uncursed ring of protection from cold
 z - a +6 ring of dexterity (left hand)
 H - an uncursed ring of resist corrosion
Wands
 s - a wand of flame (31)
Scrolls
 d - a scroll of enchant armour {unknown}
 g - 2 scrolls of fog
 h - a scroll of amnesia
 k - 4 scrolls of teleportation
 l - 6 scrolls of remove curse {@r2}
 G - a scroll of fear {unknown}
Potions
 e - 3 potions of lignification
 f - a potion of haste
 i - 6 potions of curing {@q1}
 j - 5 potions of degeneration
 m - 2 potions of heal wounds
 o - a potion of agility
 M - a potion of invisibility {unknown}
Comestibles
 c - 12 rations
 n - 3 chunks of flesh


   Skills:
 * Level 12.5 Fighting
 * Level 10.6 Long Blades
 - Level 6.8 Axes
 * Level 12.1 Armour
 + Level 8.4 Dodging


You had 10 spell levels left.
You didn't know any spells.
Your spell library was empty.

Dungeon Overview and Level Annotations

Branches:
Dungeon (9/15)             Temple (0/1) D:4             Orc (2/2) D:9
    Elf (0/3) Orc:2
   Lair: D:8-11

Altars:
Ashenzari
Fedhas
Gozag
Kikubaaqudgha
Qazlal
Ru
Sif Muna
Trog
Vehumet
Yredelemnul
Beogh

Shops:
D:4 ==   D:6 :   D:7 !


Innate Abilities, Weirdness & Mutations

You reflexively headbutt those who attack you in melee.
You have a pair of horns on your head.
You have sharp toenails.
You are covered in fur. (AC +1)


Message History

Trog accepts your kill.
A two-headed ogre comes into view. It is wielding two +0 dire flails.
The two-headed ogre shouts in stereo!
Eat one of 4 chunks of flesh? (ye/n/q)
You eat one of the 4 chunks of flesh.
This raw flesh tastes terrible.
You feel better.
You slash the two-headed ogre! You burn the two-headed ogre.
You claw the two-headed ogre. You headbutt the two-headed ogre!
The two-headed ogre is moderately wounded.
The two-headed ogre hits you with a +0 dire flail!
* * * LOW HITPOINT WARNING * * *
The two-headed ogre completely misses you.
You hit the two-headed ogre. You burn the two-headed ogre.
You claw the two-headed ogre. You headbutt the two-headed ogre.
The two-headed ogre is heavily wounded.
The two-headed ogre hits you with a +0 dire flail!
* * * LOW HITPOINT WARNING * * *
The two-headed ogre barely misses you.
The two-headed ogre hits you with a +0 dire flail!
You die...

≈,≈**,,,,,*** ,,≈***,,,**,**
,*###*,,,,,,,*
*##.##*,,,,,** ##...##**,***
###### ......# *** ###.#..##
.....##### #.......##
.......#.## ###.......##
.O....[)).# #..O@......##
.)....)#÷.###...........##
...##..#..........#......##
....#.).#......####.......##
.#.##....#.....######......#
.#####.####......###.†....##
.* #....###.....#.......##
.* ##....###...........## .*
##..## #..........##


You could see a two-headed ogre.

Vanquished Creatures
  Erica (D:8)
  An ogre mage (Orc:2)
  5 two-headed ogres (Orc:2)
  An orc knight (D:9)
  An orc sorcerer (Orc:1)
  A cyclops (Orc:1)
  A troll (Orc:1)
  The ghost of smeego the Slasher, an amateur OpFi (D:4)
  A hippogriff (D:6)
  A spriggan (D:7)
  6 yaks (D:9)
  12 wargs
  14 orc warriors
  3 phantoms
  A sky beast (D:8)
  2 centaurs (D:8)
  11 ogres
  A big kobold (D:7)
  4 bullfrogs
  5 scorpions
  4 wights (D:8)
  A howler monkey (D:4)
  5 electric eels (D:9)
  A bullfrog skeleton (D:7)
  A jelly (D:5)
  10 orc priests
  3 hounds
  Crazy Yiuf (D:2)
  2 iguanas
  10 orc wizards
  Ijyb (D:5)
  5 worker ants
  A worker ant zombie (D:7)
  4 gnolls (D:8)
  8 adders
  2 shadow imps
  3 oozes
  4 dart slugs
  2 leopard geckos
  56 orcs
  3 giant cockroaches
  A goblin (D:1)
  7 hobgoblins
  2 jackals (D:1)
  7 kobolds
  A quokka (D:4)
  A ball python (D:1)
  9 bats
  2 frilled lizards (D:1)
  A quokka skeleton (D:4)
  8 rats
239 creatures vanquished.

Vanquished Creatures (others)
  3 plants (D:9)
3 creatures vanquished.

Grand Total: 242 creatures vanquished

Notes
Turn   | Place    | Note
-------+----------+-------------------------------------------
     0 | D:1      | spacecwb the Minotaur Berserker began the quest for the
                  | Orb.
     0 | D:1      | Reached XP level 1. HP: 19/19 MP: 0/0
   106 | D:1      | Reached XP level 2. HP: 22/27 MP: 1/1
   244 | D:1      | Reached ** piety under Trog
   497 | D:1      | Reached XP level 3. HP: 33/33 MP: 2/2
  1088 | D:2      | Found a runed door.
  1166 | D:2      | Reached XP level 4. HP: 40/40 MP: 3/3
  1241 | D:2      | Found a blossoming altar of Fedhas.
  1245 | D:2      | Found a bloodstained altar of Trog.
  1484 | D:2      | Noticed Crazy Yiuf
  1488 | D:2      | Killed Crazy Yiuf
  1813 | D:3      | Found a faded altar of an unknown god.
  2115 | D:4      | Reached XP level 5. HP: 47/47 MP: 4/4
  2154 | D:4      | Noticed an ogre
  2163 | D:4      | Killed an ogre
  2163 | D:4      | Reached skill level 5 in Fighting
  2163 | D:4      | Reached skill level 5 in Axes
  2174 | D:4      | Reached XP level 6. HP: 30/56 MP: 5/5
  2443 | D:4      | Found a basalt altar of Yredelemnul.
  2682 | D:4      | Reached skill level 5 in Armour
  2816 | D:4      | Found a staircase to the Ecumenical Temple.
  2852 | D:4      | Found Jyitim's Jewellery Boutique.
  2897 | D:4      | Reached XP level 7. HP: 60/62 MP: 6/6
  2906 | D:4      | Found a runed door.
  2906 | D:4      | Noticed smeego's ghost (amateur OpFi)
  2920 | D:4      | Killed smeego's ghost
  2961 | D:4      | Found Leorgh's Jewellery Shoppe.
  2972 | D:4      | Bought an uncursed ring of see invisible for 165 gold
                  | pieces
  3266 | D:5      | Entered Level 5 of the Dungeon
  3372 | D:5      | Noticed Ijyb
  3390 | D:5      | Killed Ijyb
  3433 | D:5      | Reached *** piety under Trog
  3576 | D:5      | Noticed a moth of wrath
  3579 | D:5      | Found a bloodstained altar of Trog.
  3753 | D:6      | Found Noewun's Book Shop.
  3854 | D:6      | Reached skill level 1 in Long Blades
  3854 | D:6      | Reached XP level 8. HP: 47/73 MP: 7/7
  4178 | D:6      | Noticed a hippogriff
  4188 | D:6      | Killed a hippogriff
  4188 | D:6      | Reached skill level 5 in Dodging
  4457 | D:6      | Found a stormy altar of Qazlal.
  4777 | D:7      | Found a bloodstained altar of Trog.
  4782 | D:7      | Found Lekier's Distillery.
  4791 | D:7      | Found an opulent altar of Gozag.
  4802 | D:7      | Bought a potion of heal wounds for 65 gold pieces
  4802 | D:7      | Bought a potion of heal wounds for 65 gold pieces
  4820 | D:7      | Found a stormy altar of Qazlal.
  4903 | D:7      | Received a gift from Trog
  4954 | D:7      | You fall through a shaft!
  5375 | D:7      | Reached XP level 9. HP: 82/82 MP: 8/8
  5478 | D:7      | Reached skill level 5 in Long Blades
  5790 | D:7      | Found a radiant altar of Vehumet.
  6166 | D:8      | Reached **** piety under Trog
  6178 | D:8      | Noticed Erica
  6342 | D:8      | Gained mutation: You are weak. (Str -2) [potion of
                  | mutation]
  6342 | D:8      | Gained mutation: Your spells are a little harder to cast,
                  | but a little more powerful. [potion of mutation]
  6369 | D:8      | Found a sacrificial altar of Ru.
  6410 | D:8      | Lost mutation: Your spells are a little harder to cast, but
                  | a little more powerful. [potion of mutation]
  6410 | D:8      | Lost mutation: You are weak. (Str -2) [potion of mutation]
  6410 | D:8      | Gained mutation: You are robust. (+10% HP) [potion of
                  | mutation]
  6410 | D:8      | Gained mutation: You expend magic power (3 MP) to
                  | strengthen your wands. [potion of mutation]
  6410 | D:8      | Gained mutation: Your muscles are strong. (Str +2) [potion
                  | of mutation]
  6410 | D:8      | Gained mutation: Your muscles are very strong. (Str +4)
                  | [potion of mutation]
  6411 | D:8      | Lost mutation: You expend magic power (3 MP) to strengthen
                  | your wands. [potion of mutation]
  6411 | D:8      | Lost mutation: You are robust. (+10% HP) [potion of
                  | mutation]
  6411 | D:8      | Lost mutation: Your muscles are very strong. (Str +4)
                  | [potion of mutation]
  6411 | D:8      | Lost mutation: Your muscles are strong. (Str +2) [potion of
                  | mutation]
  6411 | D:8      | Gained mutation: You have sharp toenails. [potion of
                  | mutation]
  6411 | D:8      | Gained mutation: You are covered in fur. (AC +1) [potion of
                  | mutation]
  6775 | D:9      | Found a staircase to the Orcish Mines.
  7101 | D:9      | Reached XP level 10. HP: 66/93 MP: 9/9
  7105 | D:9      | Reached skill level 10 in Fighting
  7364 | D:8      | Killed Erica
  7364 | D:8      | Reached skill level 10 in Armour
  7563 | D:9      | Found a shattered altar of Ashenzari.
  7575 | D:9      | Found a stormy altar of Qazlal.
  8440 | D:9      | Found an ancient bone altar of Kikubaaqudgha.
  8440 | D:9      | Found a deep blue altar of Sif Muna.
  8588 | Orc:1    | Entered Level 1 of the Orcish Mines
  8815 | Orc:1    | Noticed an orc knight
  8896 | D:9      | Killed an orc knight
  9158 | D:7      | Bought a potion of curing for 39 gold pieces
  9158 | D:7      | Bought a potion of heal wounds for 65 gold pieces
  9229 | Orc:1    | Noticed an orc sorcerer
  9243 | Orc:1    | Killed an orc sorcerer
  9701 | Orc:1    | Noticed a cyclops
  9711 | Orc:1    | Reached XP level 11. HP: 84/102 MP: 10/10
  9969 | Orc:1    | Found a roughly hewn altar of Beogh.
 10089 | Orc:2    | Entered Level 2 of the Orcish Mines
 10181 | Orc:2    | Found a roughly hewn altar of Beogh.
 10400 | Orc:2    | Reached ***** piety under Trog
 10574 | Orc:2    | Noticed a two-headed ogre
 10574 | Orc:2    | Noticed a two-headed ogre
 10587 | Orc:2    | Killed a two-headed ogre
 10595 | Orc:2    | Noticed a two-headed ogre
 10596 | Orc:2    | Noticed a two-headed ogre
 10597 | Orc:2    | Noticed a two-headed ogre
 10597 | Orc:2    | Noticed an ogre mage
 10612 | Orc:2    | Killed a two-headed ogre
 10615 | Orc:2    | Killed a two-headed ogre
 10615 | Orc:2    | Reached skill level 10 in Long Blades
 10618 | Orc:2    | Killed a two-headed ogre
 10625 | Orc:2    | Killed an ogre mage
 10629 | Orc:2    | Noticed a two-headed ogre
 10636 | Orc:2    | Killed a two-headed ogre
 10637 | Orc:2    | Noticed a two-headed ogre
 10649 | Orc:2    | Slain by a two-headed ogre

Vault maps used:
D:1:      elethiomel_arrival_infinity_welcomes_careful_drivers
D:2:      grunt_temple_overflow_open, uniq_crazy_yiuf_cottage
D:3:      cheibrodos_helix_gallery, first_ration,
          chequers_ecumenical_altar_island, fountainhead
D:4:      kennysheep_mini, minmay_temple_entry_junction, serial_shops,
          kennysheep_mini_moat, shop, hellmonk_ghost_happy_afterlife
D:5:      tgw_trog, uniq_ijyb
D:6:      basic_altar, serial_shops, shop, kennysheep_generic_room_12
D:7:      kennysheep_little_box, lemuel_doored_altar, serial_shops,
          nicolae_shop_statue_plus, basic_altar, the_bakery,
          trog_three_pillars_becter
D:8:      overflow_temple_1_default, uniq_erica
D:9:      lemuel_round_altar, nicolae_overflow_hidden_temple,
          gammafunk_temple_overflow_wave, minmay_orc_entry_guard_dogs,
          serial_bayou, serial_bayou_ford_a, serial_bayou_lake_a,
          serial_bayou_pond_c, serial_bayou_lagoon_a,
          kennysheep_decorative_pillar
Orc:1:    basic_altar
Orc:2:    st_orc_ogre_mass, basic_altar, nicolae_orc_lava_room

Skill      XL: |  1  2  3  4  5  6  7  8  9 10 11 |
---------------+----------------------------------+-----
Axes           | 4 5 6 |  6.8
Fighting       | 4 5 7 8 9 11 12 | 12.5
Armour         | 3 4 5 6 7 9 10 12 | 12.1
Dodging        | 3 4 5 6 7 8 |  8.4
Long Blades    | 1 4 7 9 10 | 10.6

Action                   |  1- 3 |  4- 6 |  7- 9 | 10-12 || total
-------------------------+-------+-------+-------+-------++-------
Melee: Hand axe          |    63 |    72 |    66 |       ||   201
       Headbutt          |     6 |    17 |    57 |    56 ||   136
       Long sword        |       |       |   164 |    39 ||   203
       Kick              |       |       |    22 |    78 ||   100
       Scimitar          |       |       |       |   118 ||   118
Invok: Berserk           |     1 |     5 |     8 |     6 ||    20
       Trog's Hand       |       |     1 |       |     1 ||     2
  Use: Scroll            |     3 |     1 |     3 |     8 ||    15
       Potion            |       |       |    10 |    11 ||    21
 Stab: Sleeping          |     1 |     3 |     3 |       ||     7
  Eat: Chunk             |     2 |     5 |     8 |     8 ||    23
       Ration            |       |     2 |     3 |     3 ||     8
Armor: Animal skin       |    15 |     6 |       |       ||    21
       Ring mail         |       |       |    61 |    22 ||    83
Dodge: Dodged            |    54 |    39 |   182 |   121 ||   396
       Rpst.: Long sword |       |       |    32 |     5 ||    37
       Scimitar          |       |       |       |    24 ||    24

Table legend:
 A = Non-vault XP
 B = Vault XP
 C = Vault XP percentage of total XP
 D = Non-vault monster count
 E = Vault monster count
 F = Vault count percentage of total count
                 A         B        C        D         E       F
            +---------+---------+-------+---------+---------+-------
      Total |   11168 |    8223 |  42.4 |     211 |      28 |  11.7
            +---------+---------+-------+---------+---------+-------
        D:1 |      56 |       0 |   0.0 |      28 |       0 |   0.0
        D:2 |      54 |      41 |  43.2 |       8 |       1 |  11.1
        D:3 |      27 |       4 |  12.9 |       5 |       2 |  28.6
        D:4 |     650 |     263 |  28.8 |      19 |       1 |   5.0
        D:5 |     234 |      40 |  14.6 |      12 |       6 |  33.3
        D:6 |     548 |     122 |  18.2 |      15 |       1 |   6.2
        D:7 |    1133 |     220 |  16.3 |      27 |       1 |   3.6
        D:8 |    1274 |    1265 |  49.8 |      25 |       3 |  10.7
        D:9 |    3259 |     170 |   5.0 |      31 |       1 |   3.1
      Orc:1 |    2449 |       0 |   0.0 |      17 |       0 |   0.0
      Orc:2 |    1484 |    6098 |  80.4 |      24 |      12 |  33.3
            +---------+---------+-------+---------+---------+-------
